 Dungeon Crawl Stone Soup version 0.28-a0-1128-gb845255321 (webtiles) character file.

Game seed: 5358633555490842781

315 Gargoyl the Skirmisher (level 6, -2/53 HPs)
             Began as a Gnoll Abyssal Knight on Dec 12, 2021.
             Was a Follower of Lugonu.
             Slain by an Executioner (7 damage)
             ... on level 1 of the Abyss.
             The game lasted 00:00:47 (141 turns).

Gargoyl the Skirmisher (Gnoll Abyssal Knight)        Turns: 141, Time: 00:00:47

Health: -2/53      AC:  3    Str: 15    XL:     6   Next: 43%
Magic:  9/9        EV: 12    Int:  9    God:    Lugonu [*.....]
Gold:   0          SH:  0    Dex: 12    Spells: 9/9 levels left

rFire   . . .      SeeInvis .   a - +1 hand axe
rCold   . . .      Faith    .   (no shield)
rNeg    . . .      Spirit   .   b - +0 leather armour
rPois   .          Reflect  .   (no helmet)
rElec   .          Harm     .   (no cloak)
rCorr   .          Rampage  .   (no gloves)
Will    .....                   (no boots)
Stlth   ++........              (no amulet)
HPRegen 0.17/turn               (no ring)
MPRegen 0.11/turn               (no ring)

@: no status effects
A: fangs 1, strong nose, distributed training
a: Renounce Religion, Depart the Abyss


You were on level 1 of the Abyss.
You worshipped Lugonu.
Lugonu was aware of your devotion.
You visited 0 branches of the dungeon, and saw 0 of its levels.
You visited the Abyss 1 time.

Inventory:

Hand Weapons
 a - a +1 hand axe (weapon)
Armour
 b - a +0 leather armour (worn)


   Skills:
 + Level 6.8 Fighting
 + Level 2.0 Short Blades
 + Level 2.0 Long Blades
 + Level 5.0 Axes
 + Level 2.0 Maces & Flails
 + Level 2.0 Polearms
 + Level 2.0 Staves
 + Level 2.0 Slings
 + Level 2.0 Bows
 + Level 2.0 Crossbows
 + Level 2.0 Throwing
 + Level 5.0 Armour
 + Level 3.2 Dodging
 + Level 2.0 Stealth
 + Level 2.0 Shields
 + Level 2.0 Unarmed Combat
 + Level 2.0 Spellcasting
 + Level 1.5 Conjurations
 + Level 1.5 Hexes
 + Level 1.5 Summonings
 + Level 1.5 Necromancy
 + Level 1.5 Translocations
 + Level 1.5 Transmutations
 + Level 1.5 Fire Magic
 + Level 1.5 Ice Magic
 + Level 1.5 Air Magic
 + Level 1.5 Earth Magic
 + Level 1.5 Poison Magic
 + Level 5.1 Invocations
 + Level 2.0 Evocations


You had 9 spell levels left.
You didn't know any spells.
Your spell library was empty.

Dungeon Overview and Level Annotations

Branches:
Dungeon (0/15)

Altars:


Innate Abilities, Weirdness & Mutations

You have very sharp teeth.
Your uncanny sense of smell can sniff out nearby items.
Your experience applies equally to all skills.


Message History

The lance of force hits the small abomination!!
The small abomination is destroyed!
Your small abomination hits the iron imp but does no damage.
The iron imp grinds its teeth.
The iron imp completely misses you.
Your Short Blades skill increases to level 2!
Your Long Blades skill increases to level 2!
Your Axes skill increases to level 5!
Your Maces & Flails skill increases to level 2!
Your Polearms skill increases to level 2!
Your Staves skill increases to level 2!
Your Slings skill increases to level 2!
Your Bows skill increases to level 2!
Your Crossbows skill increases to level 2!
Your Throwing skill increases to level 2!
Your Armour skill increases to level 5!
Your Stealth skill increases to level 2!
Your Shields skill increases to level 2!
Your Unarmed Combat skill increases to level 2!
Your Spellcasting skill increases to level 2!
Your Invocations skill increases to level 5!
Your Evocations skill increases to level 2!
You have reached level 6!
The substance of the Abyss twists violently, and a gateway leading out appears!
Your small abomination closely misses the Executioner.
The large abomination hits your wretched star!
The Executioner hits your small abomination!
Your small abomination is destroyed!
Your small abomination dissolves into shadows!
The Executioner gives a hideous shriek!
Unknown command.
The Executioner hits you!!
* * * LOW HITPOINT WARNING * * *
The Executioner completely misses you. The Executioner barely misses you.
Your wretched star glows turbulently.
The lance of force hits the large abomination!
The large abomination is knocked back by the lance of force.
The Executioner closely misses you. The Executioner hits you!
* * * LOW HITPOINT WARNING * * *
The Executioner hits you!
You die...

####.. # .....
#... #. ...## .
... .... #.#.. .
..#.# ..... #
#.##. . .#.. .....
######.#. ...
....#.#..#.## # ##
##.#...#..#### #
.##.#......#..#.##
.......@.##..#. ..
#....#.#1*..X####
# ... ####5†#..#..
. #§#.......
#..###.#.... #1#
#.....# #. #...#.#
. #..# # # .#


You could see an Executioner (fast), a large abomination (ally target), an iron
imp and a friendly wretched star (summoned).

Vanquished Creatures (collateral kills)
  A raiju (Abyss:1)
  A small abomination (Abyss:1)
2 creatures vanquished.

Notes
Turn   | Place    | Note
-------+----------+-------------------------------------------
     0 | Abyss:1  | Gargoyl the Gnoll Abyssal Knight began the quest for the
                  | Orb.
     0 | Abyss:1  | Reached XP level 1. HP: 23/23 MP: 3/3
    56 | Abyss:1  | Noticed a small abomination
    58 | Abyss:1  | Noticed an apocalypse crab
    61 | Abyss:1  | Paralysed by you for 2 turns
   124 | Abyss:1  | Noticed a raiju
   129 | Abyss:1  | Noticed a large abomination
   129 | Abyss:1  | Noticed an iron imp
   130 | Abyss:1  | Noticed a small abomination
   135 | Abyss:1  | Killed a raiju
   136 | Abyss:1  | Reached skill level 1 in Short Blades
   136 | Abyss:1  | Reached skill level 1 in Long Blades
   136 | Abyss:1  | Reached skill level 1 in Maces & Flails
   136 | Abyss:1  | Reached skill level 1 in Polearms
   136 | Abyss:1  | Reached skill level 1 in Staves
   136 | Abyss:1  | Reached skill level 1 in Slings
   136 | Abyss:1  | Reached skill level 1 in Bows
   136 | Abyss:1  | Reached skill level 1 in Crossbows
   136 | Abyss:1  | Reached skill level 1 in Throwing
   136 | Abyss:1  | Reached skill level 1 in Stealth
   136 | Abyss:1  | Reached skill level 1 in Shields
   136 | Abyss:1  | Reached skill level 1 in Unarmed Combat
   136 | Abyss:1  | Reached skill level 1 in Spellcasting
   136 | Abyss:1  | Reached skill level 1 in Conjurations
   136 | Abyss:1  | Reached skill level 1 in Hexes
   136 | Abyss:1  | Reached skill level 1 in Summonings
   136 | Abyss:1  | Reached skill level 1 in Necromancy
   136 | Abyss:1  | Reached skill level 1 in Translocations
   136 | Abyss:1  | Reached skill level 1 in Transmutations
   136 | Abyss:1  | Reached skill level 1 in Fire Magic
   136 | Abyss:1  | Reached skill level 1 in Ice Magic
   136 | Abyss:1  | Reached skill level 1 in Air Magic
   136 | Abyss:1  | Reached skill level 1 in Earth Magic
   136 | Abyss:1  | Reached skill level 1 in Poison Magic
   136 | Abyss:1  | Reached skill level 1 in Evocations
   136 | Abyss:1  | Reached XP level 2. HP: 27/29 MP: 5/5
   136 | Abyss:1  | Reached XP level 3. HP: 32/35 MP: 6/6
   136 | Abyss:1  | Reached XP level 4. HP: 38/41 MP: 7/7
   136 | Abyss:1  | Reached XP level 5. HP: 43/47 MP: 8/8
   136 | Abyss:1  | Noticed an Executioner
   139 | Abyss:1  | Killed a small abomination
   140 | Abyss:1  | Reached skill level 5 in Axes
   140 | Abyss:1  | Reached skill level 5 in Armour
   140 | Abyss:1  | Reached skill level 5 in Invocations
   140 | Abyss:1  | Reached XP level 6. HP: 34/53 MP: 9/9
   141 | Abyss:1  | Slain by an Executioner

Illustrated notes

Levels and vault maps discovered:
Abyss:1:  base: Temple, evilmike_abyss_exit_17, base:
Temple

Skill      XL: |  1  2  3  4  5 |
---------------+----------------+-----
Short Blades   | 1 2 |  2.0
Long Blades    | 1 2 |  2.0
Maces & Flails | 1 2 |  2.0
Polearms       | 1 2 |  2.0
Staves         | 1 2 |  2.0
Slings         | 1 2 |  2.0
Bows           | 1 2 |  2.0
Crossbows      | 1 2 |  2.0
Throwing       | 1 2 |  2.0
Dodging        | 3 |  3.2
Stealth        | 1 2 |  2.0
Shields        | 1 2 |  2.0
Unarmed Combat | 1 2 |  2.0
Spellcasting   | 1 2 |  2.0
Conjurations   | 1 |  1.5
Hexes          | 1 |  1.5
Summonings     | 1 |  1.5
Necromancy     | 1 |  1.5
Translocations | 1 |  1.5
Transmutations | 1 |  1.5
Fire Magic     | 1 |  1.5
Ice Magic      | 1 |  1.5
Air Magic      | 1 |  1.5
Earth Magic    | 1 |  1.5
Poison Magic   | 1 |  1.5
Evocations     | 1 2 |  2.0
Axes           | 5 |  5.0
Armour         | 5 |  5.0
Invocations    | 5 |  5.1
Fighting       | |  6.8

Action                   |  1- 3 |  4- 6 || total
-------------------------+-------+-------++-------
  Use: Scroll            |     2 |       ||     2
Dodge: Dodged            |       |     5 ||     5

Table legend: (Time is in decaauts)
 A = Elapsed time spent in this place.
 B = Non-inter-level travel time spent in this place.
 C = Inter-level travel time spent in this place.
 D = Time resting spent in this place.
 E = Time spent auto-exploring this place.
 F = Levels seen in this place.
 G = Mean time per level.
                   A        B        C        D        E       F      G
               +--------+--------+--------+--------+--------+-----+--------+
         Total |    141 |    141 |      0 |      0 |    109 |   1 |  141.0 |
         Abyss |    141 |    141 |      0 |      0 |    109 |   1 |  141.0 |
               +--------+--------+--------+--------+--------+-----+--------+

Top non-repeatable levels by time:
 Abyss:1: 141 daAuts
